 Dungeon Sprint DCSS version 0.32-a0-131-g9dbbe29261 (webtiles) character file.

Game seed: 5054220337792763750

1426 garrulousMonolith the Spear-Bearer (level 8, -3/67 (68) HPs)
             Began as a Demonspawn Gladiator on Feb 8, 2024.
             Was an Initiate of Yredelemnul.
             Slain by a swamp dragon (8 damage)
             ... in the Dungeon (Sprint VII: "The Pits").
             The game lasted 00:04:52 (1049 turns).

garrulousMonolith the Spear-Bearer (DsGl)           Turns: 1049, Time: 00:04:52

HP:   -3/67 (68)    AC: 23    Str: 14    XL:     8   Next: 44%
MP:   15/15         EV:  9    Int: 12    God:    Yredelemnul [......]
Gold: 0             SH:  4    Dex: 14    Spells: 7/7 levels left

rFire   . . .        w - +2 halberd (protect)
rCold   . . .        (shield currently unavailable)
rNeg    . . .        s - +3 chain mail
rPois   .            c - +0 helmet
rElec   .            (no cloak)
rCorr   .            x - +0 pair of gloves
SInv    .            (no boots)
Will    .....        (no amulet) Stlth
                     (no ring)
HPRegen 0.31/turn    (no ring)
MPRegen 0.14/turn

%: no teleportation
@: lethally poisoned (-3 -> -37), lightly drained
A: slimy green scales 2, foul stench 1, icemail 1, condensation shield, demonic
touch 2
a: Renounce Religion, Recall Undead Harvest


You were in the Dungeon.
You worshipped Yredelemnul.
Yredelemnul was aware of your devotion.
You visited 1 branch

Inventory:

Hand Weapons
 a - a +0 long sword
 l - a +5 dagger
 m - a +2 falchion
 n - a +2 trident
 t - a +2 dagger of electrocution
 w - a +2 halberd of protection (weapon)
Missiles
 d - 3 throwing nets (quivered)
 e - a javelin
Armour
 c - a +0 helmet (worn)
 s - a +3 chain mail (worn)
 x - a +0 pair of gloves (worn)
Jewellery
 u - a +3 ring of protection
 v - a +3 ring of evasion
Scrolls
 k - a scroll of blinking
 p - 2 scrolls of vulnerability
 q - 5 scrolls of amnesia
 r - a scroll of summoning
Potions
 f - 8 potions of curing
 g - 10 potions of heal wounds
 h - 3 potions of haste
 i - 4 potions of magic
 j - 3 potions of berserk rage
 o - 2 potions of invisibility


   Skills:
 + Level 8.1 Fighting
 - Level 3.0 Long Blades
 * Level 10.1 Polearms
 - Level 1.7 Throwing
 + Level 7.1 Armour
 + Level 7.5 Dodging
 + Level 9.7 Invocations


You had 7 spell levels left.
You didn't know any spells.
Your spell library was empty.

Dungeon Overview and Level Annotations

Branches:
Dungeon (1/1)

Altars:
Ashenzari
Cheibriados
Dithmenos
Fedhas
Gozag
Hepliaklqana
Kikubaaqudgha
Makhleb
Nemelex Xobeh
Okawaru
Qazlal
Ru
Sif Muna
Trog
Uskayaw
Vehumet
Wu Jian
Xom
Yredelemnul
Jiyva
Lugonu


Innate Abilities, Weirdness & Mutations

You are mostly covered in slimy green scales. (AC +3)
You may rarely emit foul miasma when damaged in melee.
A meltable icy envelope protects you from harm. (AC +4)
A meltable shield of frost defends you. (SH +4)
Your touch may inflict irresistible damage on your foes.


Message History

The swamp dragon bites you but does no damage.
The swamp dragon barely misses you. You block the swamp dragon's attack.
The hell rat bites you but does no damage.
The snapping turtle barely misses you.
The sea snake bites you but does no damage.
You closely miss the sea snake.
The sea snake is moderately wounded.
The hell rat barely misses you. You block the swamp dragon's attack.
The swamp dragon claws you but does no damage.
The swamp dragon tramples you but does no damage.
The sea snake bites you.
The snapping turtle bites you from afar!
You puncture the sea snake!
Your weapon exudes an aura of protection.
The sea snake is heavily wounded.
The hell rat bites you but does no damage.
The sea snake completely misses you.
The swamp dragon bites you but does no damage.
The swamp dragon barely misses you. The swamp dragon closely misses you.
You miss the sea snake.
The sea snake is heavily wounded.
The hell rat closely misses you. You block the sea snake's attack.
The snapping turtle bites you from afar!
The swamp dragon bites you!
The swamp dragon claws you but does no damage.
The swamp dragon tramples you but does no damage.
The hell rat bites you.
* * * LOW HITPOINT WARNING * * *
You feel drained.
You barely miss the sea snake.
The sea snake is heavily wounded.
The sea snake bites you.
* * * LOW HITPOINT WARNING * * *
You are lethally poisoned!
The sea snake poisons you! The swamp dragon bites you!
* * * LOW HITPOINT WARNING * * *
The swamp dragon claws you but does no damage.
The swamp dragon tramples you!
You die...
Your body rises from the dead as a mindless zombie.

..#))#####'#####''######
###))##.......##''#####
..#.Z##.......##......+ +
..#..##.......##......+ .+
..#'###...<...##.....##..#
..Z..##.......##...###....
.....##.......##..##......
#######.......##''#...#..#
..#.. ##########@Dt4......
..#.############rS#)..#..#
..#.#....#..[.##c.##......
..#)#..Z.#..[[##... ##....
..#.'ZZZ.'Z..)##.... ..#
.Z#'#....#Z.))###.... .+
..'.#....#..))# ###... +
############### ####


You could see a swamp dragon, a sea snake, a snapping turtle, a hellwing
(weak-willed), a centaur and a hell rat.

Vanquished Creatures
  A phantasmal warrior (D)
  A sky beast (D)
  A kobold brigand (D)
  A bullfrog (D)
  A brain worm (D)
  A crimson imp (D)
  A quasit (D)
  A jelly (D)
  2 gnoll boudas (D)
  2 hounds (D)
  A hell rat (D)
  3 gnolls (D)
  A river rat (D)
  An ufetubus (D)
  A ribbon worm (D)
  An orc (D)
  2 goblins (D)
  A hobgoblin (D)
  3 jackals (D)
  4 quokkas (D)
  A bat (D)
31 creatures vanquished.

Vanquished Creatures (collateral kills)
  A cyclops (D)
  An adder zombie (D)
  A jackal (D)
  A ball python (D)
  A frilled lizard (D)
5 creatures vanquished.

Vanquished Creatures (others)
  A bullfrog zombie (D)
  A kobold zombie (D)
  2 hound zombies (D)
  A hell rat zombie (D)
  A spectral crimson imp (D)
  A jelly zombie (D)
  A bat zombie (D)
  A frilled lizard zombie (D)
  2 gnoll zombies (D)
  A goblin zombie (D)
  A hobgoblin zombie (D)
  2 jackal zombies (D)
  An orc zombie (D)
  A quokka zombie (D)
  A spectral ufetubus (D)
18 creatures vanquished.

Grand Total: 54 creatures vanquished

Notes
Turn   | Place    | Note
-------+----------+-------------------------------------------
     0 | D        | garrulousMonolith the Demonspawn Gladiator began the quest
                  | for the Orb.
     0 | D        | Reached XP level 1. HP: 16/16 MP: 1/1
    56 | D        | Found a bloodstained altar of Trog.
    56 | D        | Found a shimmering blue altar of Sif Muna.
    56 | D        | Found a viscous altar of Jiyva.
    56 | D        | Found a hazy altar of Hepliaklqana.
    56 | D        | Found an opulent altar of Gozag.
    57 | D        | Found a basalt altar of Yredelemnul.
    57 | D        | Found a shimmering altar of Xom.
    57 | D        | Found an ornate altar of the Wu Jian Council.
    57 | D        | Found a sacrificial altar of Ru.
    57 | D        | Found a stormy altar of Qazlal.
    57 | D        | Found an iron altar of Okawaru.
    57 | D        | Found a sparkling altar of Nemelex Xobeh.
    57 | D        | Found a burning altar of Makhleb.
    57 | D        | Found a blossoming altar of Fedhas.
    57 | D        | Found a shadowy altar of Dithmenos.
    57 | D        | Found a snail-covered altar of Cheibriados.
    58 | D        | Found a radiant altar of Vehumet.
    58 | D        | Found a corrupted altar of Lugonu.
    59 | D        | Found a hide-covered altar of Uskayaw.
    59 | D        | Found an ancient bone altar of Kikubaaqudgha.
    59 | D        | Found a broken altar of Ashenzari.
    63 | D        | Became a worshipper of Yredelemnul the Dark
   117 | D        | Reached skill level 1 in Polearms
   117 | D        | Reached skill level 1 in Armour
   117 | D        | Reached skill level 1 in Invocations
   124 | D        | Gained mutation: Your touch may inflict minor irresistible
                  | damage on your foes. [demonic ancestry]
   124 | D        | Reached XP level 2. HP: 17/23 MP: 1/3
   126 | D        | Reached skill level 2 in Polearms
   194 | D        | Reached * piety under Yredelemnul
   195 | D        | Gained mutation: Your touch may inflict irresistible damage
                  | on your foes. [demonic ancestry]
   195 | D        | Reached XP level 3. HP: 29/29 MP: 4/4
   255 | D        | Noticed a sky beast
   275 | D        | Killed a sky beast
   276 | D        | Reached skill level 4 in Polearms
   276 | D        | Gained mutation: You are partially covered in slimy green
                  | scales. (AC +2) [demonic ancestry]
   276 | D        | Reached XP level 4. HP: 30/37 MP: 4/7
   332 | D        | Reached skill level 5 in Polearms
   332 | D        | Gained mutation: A meltable shield of frost defends you.
                  | (SH +4) [demonic ancestry]
   332 | D        | Reached XP level 5. HP: 26/43 MP: 8/8
   334 | D        | Reached skill level 5 in Invocations
   453 | D        | Reached skill level 5 in Fighting
   453 | D        | Reached skill level 5 in Dodging
   631 | D        | Reached ** piety under Yredelemnul
   632 | D        | Reached skill level 6 in Polearms
   634 | D        | Gained mutation: A meltable icy envelope protects you from
                  | harm. (AC +4) [demonic ancestry]
   634 | D        | Reached XP level 6. HP: 51/51 MP: 10/10
   641 | D        | Reached skill level 7 in Polearms
   641 | D        | Reached skill level 5 in Armour
   659 | D        | Noticed a cyclops
   669 | D        | Killed a cyclops
   670 | D        | Reached skill level 8 in Polearms
   670 | D        | Gained mutation: You may rarely emit foul miasma when
                  | damaged in melee. [demonic ancestry]
   670 | D        | Reached XP level 7. HP: 32/60 MP: 11/13
   967 | D        | Noticed a phantasmal warrior
   996 | D        | Killed a phantasmal warrior
   997 | D        | Reached skill level 9 in Polearms
   997 | D        | Gained mutation: You are mostly covered in slimy green
                  | scales. (AC +3) [demonic ancestry]
   997 | D        | Reached XP level 8. HP: 61/68 MP: 10/15
  1029 | D        | Noticed a hellwing
  1030 | D        | Noticed a swamp dragon
  1035 | D        | Reached skill level 10 in Polearms
  1035 | D        | Noticed a sea snake
  1035 | D        | Noticed a snapping turtle
  1049 | D        | Slain by a swamp dragon

Illustrated notes

Levels and vault maps discovered:
D:        pitsprint [storerooms_1, entrance_room_1, metal_vault_4, armoury_3,
          mini_pit_1, grid_room_1, main_hall_1, silver_pit, the_coven_3,
          the_vestibule_1, steel_vault_3, golden_pit, hallway_of_sentries,
          crystal_vault_4, iron_vault_2, final_vault]

Skill      XL: |  1  2  3  4  5  6  7  8 |
---------------+-------------------------+-----
Long Blades    | 3 |  3.0
Polearms       | 1 2 4 5 6 8 9 10 | 10.1
Armour         | 1 3 4 6 7 |  7.1
Dodging        | 3 4 5 6 7 |  7.5
Invocations    | 1 2 4 6 8 9 |  9.7
Fighting       | 3 4 5 7 8 |  8.1
Throwing       | |  1.7

Action                     |  1- 3 |  4- 6 |  7- 9 || total
---------------------------+-------+-------+-------++-------
  Melee: Trident           |    40 |    55 |       ||    95
         Long sword        |     4 |       |       ||     4
         Touch             |     2 |    14 |       ||    16
         Punch             |     2 |     1 |       ||     3
         Halberd           |       |       |    35 ||    35
 Invoke: Dark Bargain      |       |       |     1 ||     1
    Use: Potion            |       |     1 |     2 ||     3
   Stab: Distracted        |       |     1 |       ||     1
 Armour: Leather armour    |    16 |       |       ||    16
         Chain mail        |    10 |    43 |    47 ||   100
  Dodge: Dodged            |    34 |    30 |    18 ||    82
  Block: Other             |       |     5 |    11 ||    16

Table legend: (Time is in decaauts)
 A = Elapsed time spent in this place.
 B = Non-inter-level travel time spent in this place.
 C = Inter-level travel time spent in this place.
 D = Time resting spent in this place.
 E = Time spent auto-exploring this place.
 F = Levels seen in this place.
 G = Mean time per level.
                   A        B        C        D        E       F      G
               +--------+--------+--------+--------+--------+-----+--------+
         Total |   1063 |   1063 |      0 |    606 |      0 |   1 | 1063.0 |
       Dungeon |   1063 |   1063 |      0 |    606 |      0 |   1 | 1063.0 |
               +--------+--------+--------+--------+--------+-----+--------+

Top non-repeatable levels by time:
       D: 1063 daAuts
